 Dungeon Crawl Stone Soup version 0.29-a0-322-g68df515428 (webtiles) character file.

Game seed: 2661216276773845487

37 snetch the Magician (level 3, -7/25 HPs)
             Began as a Djinni Fire Elementalist on Apr 5, 2022.
             Was a Follower of Cheibriados.
             Mangled by a gnoll
             ... wielding a +0 club
              (8 damage)
             ... on level 1 of the Dungeon.
             The game lasted 00:05:16 (1478 turns).

snetch the Magician (Djinni Fire Elementalist)      Turns: 1478, Time: 00:05:17

Health: -7/25      AC:  4    Str: 10    XL:     3   Next: 62%
Gold:   43         EV: 12    Int: 21    God:    Cheibriados [*.....] SH:  0 Dex: 16

rFire   + + .      SeeInvis .   v - staff of cold
rCold   . . .      Faith    .   (no shield)
rNeg    . . .      Spirit   .   g - +0 leather armour
rPois   ∞          Reflect  .   (no helmet)
rElec   .          Harm     .   (no cloak)
rCorr   .          Rampage  .   k - +0 pair of gloves
Will    .....                   (boots unavailable)
Stlth   ++........              (no amulet)
HPRegen 0.08/turn               (no ring)
MPRegen 0.00/turn               (no ring)

@: flying, very slow
A: sickness immunity, fire resistance 2, cold vulnerability 1, float, innate
caster, HP casting, extra vitality 1
a: Renounce Religion, Bend Time


You were on level 1 of the Dungeon.
You worshipped Cheibriados.
Cheibriados was aware of your devotion.
You visited 1 branch of the dungeon, and saw 2 of its levels.

You collected 87 gold pieces.
You spent 44 gold pieces at shops.

Inventory:

Hand Weapons
 i - a +0 whip
 j - a +0 dagger
 r - a +0 flail
Missiles
 e - 3 boomerangs
 f - 65 stones
 o - 6 poisoned darts
 s - a throwing net
Armour
 a - a +0 robe
 b - a +0 ring mail
 g - a +0 leather armour (worn)
 k - a +0 pair of gloves (worn)
Magical Staves
 v - a staff of cold (weapon)
Scrolls
 c - a scroll of vulnerability {unknown}
 h - a scroll of teleportation {unknown}
 q - a scroll of brand weapon {unknown}
 t - 2 scrolls of fog {unknown}
 u - 2 scrolls of identify {unknown}
Potions
 d - 2 potions of curing
 l - a potion of flight {unknown}
 m - a potion of attraction {unknown}
 n - a potion of brilliance {unknown}
 p - a potion of degeneration


   Skills:
 + Level 0.2 Armour
 + Level 2.4 Dodging
 + Level 2.0 Stealth
 + Level 3.1 Spellcasting


You couldn't memorise any spells.
You knew the following spells:

 Your Spells              Type           Power      Damage    Failure   Level
a - Foxfire               Conj/Fire      64%        2x1d7     4%          1
b - Scorch                Fire           32%        2d7       8%          2
c - Conjure Flame         Conj/Fire      16%        6-21      16%         3
d - Inner Flame           Hex/Fire       16%        N/A       16%         3
e - Flame Wave            Conj/Fire      16%        2d6       45%         4
f - Freeze                Ice            96%        1d11      4%          1
Your spell library was empty.

Dungeon Overview and Level Annotations

Branches:
Dungeon (2/15)

Altars:
Cheibriados

Shops:
D:2 !


Innate Abilities, Weirdness & Mutations

You are immune to sickness and miasma.
You are immune to poison.
Your flesh is very heat resistant. (rF++)
You are vulnerable to cold. (rC-)
You float through the air rather than walking.
You learn spells naturally, not from books.
Your magical power is your life essence.
You have superior vitality. (+4 MHP)


Message History

The gnoll throws a throwing net.
The throwing net hits you.
You become entangled in the net!
A hobgoblin comes into view.
There is a stone staircase leading up here.
You see here a throwing net.
You tear a large gash into the net.
You struggle against the net.
The gnoll hits you with a +0 club. The gnoll hits you but does no damage.
The ball python hisses angrily.
You rip the net and break free!
The ball python bites you but does no damage.
The ball python grabs you. The ball python constricts you.
The gnoll hits you with a +0 club. The gnoll hits you but does no damage.
The gnoll hits you with a +0 club. The ball python closely misses you.
The ball python constricts you.
Unknown command.
You escape the ball python's grasp.
The gnoll barely misses you. x2
The gnoll closely misses you.
You fly upwards.
There is a stone staircase leading down here.
Casting: Foxfire (safe; 5% risk of failure)
Confirm with . or Enter, or press ? or * to list all spells.
Okay, then.
Casting: Foxfire (safe; 5% risk of failure)
Confirm with . or Enter, or press ? or * to list all spells.
Aiming: Freeze (safe; 5% risk of failure)
Press: ? - help, Shift-Dir - straight line, f - ball python
Aim: a ball python You feel a surge of power!
You freeze the ball python.
You kill the ball python!
Cheibriados appreciates the change of pace.
Cheibriados raises the support of your attributes as your movement slows.
The gnoll closely misses you. The gnoll misses you.
The gnoll hits you with a +0 club. The gnoll hits you with a +0 club.
* * * LOW HITPOINT WARNING * * *
The gnoll hits you with a +0 club.
* * * LOW HITPOINT WARNING * * *
The gnoll hits you with a +0 club!
You die...

###### ###.##.## #...##..#
#############.##@g##########
..............##gg##.......#
#############...##.))......#
.......######.#.##.#.......#
...........................#
##.###.######.##....#..#####
.#.###.# #.##....##.##
.......# #.##....##..#
##.##### ###########.##


You could see 3 gnolls.

Vanquished Creatures
  A gnoll (D:1)
  An adder (D:2)
  A dart slug (D:1)
  2 endoplasms (D:1)
  2 goblins (D:1)
  A hobgoblin (D:1)
  A quokka (D:2)
  4 ball pythons (D:1)
  2 bats
  2 kobolds (D:1)
  4 rats
21 creatures vanquished.

Vanquished Creatures (others)
  43 foxfires
43 creatures vanquished.

Grand Total: 64 creatures vanquished

Notes
Turn   | Place    | Note
-------+----------+-------------------------------------------
     0 | D:1      | snetch the Djinni Fire Elementalist began the quest for the
                  | Orb.
     0 | D:1      | Reached XP level 1. HP: 15/15 MP: 0/0
   556 | D:1      | Reached XP level 2. HP: 19/21 MP: 0/0
   684 | D:2      | Found Ronyann's Distillery.
   688 | D:2      | Reached XP level 3. HP: 22/25 MP: 0/0
   688 | D:2      | Learned a level 1 spell: Freeze
   694 | D:2      | Bought a potion of curing for 33 gold pieces
   694 | D:2      | Bought a potion of degeneration for 11 gold pieces
   716 | D:1      | Reached skill level 3 in Spellcasting
  1098 | D:1      | Found a faded altar of an unknown god.
  1105 | D:1      | Prayed at the altar of an unknown god.
  1105 | D:1      | Became a worshipper of Cheibriados the Contemplative
  1105 | D:1      | Reached * piety under Cheibriados
  1478 | D:1      | HP: 1/25 [gnoll/+0 club (6)]
  1478 | D:1      | Mangled by a gnoll

Illustrated notes

Levels and vault maps discovered:
D:1:      eino_arrival_druids_welcome, layout_basic,
          ebering_ecumenical_altar_hall, grunt_decor_resistance, st_stairs_7,
          amcnicky_mini_corridor_feature, chequers_serial_rivers_small_a,
          minmay_vboxes
D:2:      layout_rooms, serial_shops, nicolae_shop_trees, chequers_big_river,
          uniq_sigmund

Skill      XL: |  1  2  3 |
---------------+----------+-----
Stealth        | 2 |  2.0
Spellcasting   | 3 |  3.1
Armour         | |  0.2
Dodging        | |  2.4

Action                   || total
-------------------------++-------
Melee: Dagger            ||     8
 Cast: Foxfire           ||    24
       Scorch            ||     2
       Freeze            ||     1
 Stab: Sleeping          ||     2
Armor: Leather armour    ||     7
Dodge: Dodged            ||    18

Table legend: (Time is in decaauts)
 A = Elapsed time spent in this place.
 B = Non-inter-level travel time spent in this place.
 C = Inter-level travel time spent in this place.
 D = Time resting spent in this place.
 E = Time spent auto-exploring this place.
 F = Levels seen in this place.
 G = Mean time per level.
                   A        B        C        D        E       F      G
               +--------+--------+--------+--------+--------+-----+--------+
         Total |   1615 |   1505 |    110 |     79 |   1066 |   2 |  807.5 |
       Dungeon |   1615 |   1505 |    110 |     79 |   1066 |   2 |  807.5 |
               +--------+--------+--------+--------+--------+-----+--------+

Top non-repeatable levels by time:
     D:1: 1558 daAuts
     D:2: 57 daAuts
